Map: Fear and Faith LE

Players

SortOf - Winner!

  • Race: Zerg Zerg
  • League: Master

llllllllllll (Coffee)

  • Race: Terran Terran
  • League: Grandmaster

VOD

Have the link to the VOD?

Description

Time

  • Played on: June 23, 2026, 1:39 a.m.
  • Length: 11:19
Show
View Real Time Build Order
Export as new Build Order

SortOf Zerg - Winner!

Build Orders: Pool First 

Get SALT Encoding   

  8  0:00  Drone  
  9  0:12  Drone  
  10  0:17  Drone  
  11  0:22  Drone  
  12  0:33  Overlord  
  12  0:42  Extractor, Drone  
  13  0:52  Drone x2  
  15  1:01  Drone  
  16  1:10  Drone  
  17  1:12  Spawning Pool  
  16  1:20  Drone  
  17  1:35  Hatchery  
  17  1:39  Drone  
  17  1:43  Extractor  
  17  1:44  Drone  
  17  1:52  Overlord  
  17  2:01  Queen  
  17  2:05  Drone  
  20  2:10  Zergling x2  
  21  2:17  Drone  
  22  2:30  Drone  
  23  2:37  Queen  
  23  2:42  Overlord  
  25  2:48  Drone x2  
  27  2:54  Metabolic Boost  
  27  2:56  Drone  
  28  3:01  Drone  
  29  3:08  Drone x2  
  31  3:14  Evolution Chamber  
  30  3:21  Zergling x2  
  30  3:23  Hatchery  
  30  3:26  Drone x2  
  33  3:27  Zergling x2  
  33  3:29  Zergling x2  
  33  3:33  Overlord  
  35  3:38  Drone x2  
  36  3:44  Queen  
  38  3:49  Overlord  
  38  3:51  Zergling x2  
  39  3:56  Drone x2  
  39  3:57  Drone  
  39  3:58  Drone  
  43  4:05  Queen  
  46  4:10  Drone  
  46  4:11  Drone  
  47  4:20  Zergling x4  
  49  4:28  Drone x6  
  49  4:30  Drone  
  56  4:35  Lair  
  55  4:39  Zergling x2  
  55  4:41  Overlord  
  55  4:43  Drone  
  57  4:47  Drone x2  
  57  4:49  Extractor, Baneling Nest  
  57  4:56  Drone x3  
  57  5:09  Zergling x6  
  57  5:10  Drone  
  57  5:13  Drone x5  
  64  5:14  Spore Crawler  
  64  5:16  Drone x2  
  64  5:18  Queen  
  64  5:20  Drone x2  
  68  5:22  Overlord  
  68  5:26  Spore Crawler  
  68  5:28  Drone  
  68  5:29  Overlord  
  68  5:34  Evolution Chamber x2  
  66  5:36  Centrifugal Hooks  
  66  5:37  Drone x2  
  68  5:43  Hatchery  
  68  5:46  Zergling x6  
  68  5:49  Drone x2  
  72  5:55  Drone x4  
  72  5:56  Zergling x4  
  78  6:03  Drone  
  79  6:05  Zerg Ground Armor Level 1  
  79  6:06  Zerg Melee Weapons Level 1, Extractor  
  79  6:11  Zergling x4  
  69  6:25  Drone x2  
  69  6:26  Drone x7  
  69  6:31  Infestation Pit  
  76  6:35  Queen  
  76  6:36  Queen  
  76  6:37  Overlord  
  76  6:38  Extractor  
  79  6:42  Zergling x6  
  82  6:47  Overlord  
  82  6:52  Hatchery  
  82  6:53  Zergling x4  
  83  6:55  Baneling x7  
  83  7:00  Drone x6  
  89  7:05  Zergling x12  
  95  7:12  Overlord  
  95  7:15  Overlord, Hive  
  95  7:16  Zergling x6  
  95  7:20  Zergling x6  
  101  7:32  Zergling x14  
  105  7:40  Zergling x4  
  105  7:43  Zergling x16  
  112  7:44  Zergling x4  
  112  7:45  Zergling x4  
  112  7:49  Zergling x4  
  111  7:59  Zergling x12  
  111  8:00  Zergling x2  
  114  8:06  Zergling x6  
  114  8:07  Zerg Ground Armor Level 2, Zerg Melee Weapons Level 2  
  114  8:09  Zergling x2  
  113  8:14  Zergling x12  
  119  8:20  Zergling x6  
  122  8:32  Zergling x14  
  122  8:36  Adrenal Glands  
  122  8:39  Drone x2, Overlord x5  
  122  8:40  Ultralisk Cavern  
  107  8:51  Zergling x26  
  114  9:01  Drone x5  
  119  9:04  Infestor x2  
  119  9:10  Drone x6  
  119  9:14  Baneling x10  
  119  9:16  Overseer  
  123  9:18  Extractor x2  
  123  9:19  Drone x3  
  123  9:20  Drone x3, Spore Crawler  
  123  9:21  Drone x5  
  131  9:30  Chitinous Plating  
  134  9:31  Zergling x10  
  136  9:39  Overseer  
  136  9:47  Zergling x4  
  136  9:48  Zergling x18  
  147  9:53  Baneling x9  
  147  9:57  Hatchery  
  146  10:06  Zergling x12  
  149  10:12  Ultralisk  
  149  10:13  Overlord x6  
  153  10:20  Overlord  
  153  10:22  Spore Crawler  
  153  10:24  Drone x3  
  155  10:30  Overlord  
  155  10:31  Overlord  
  155  10:36  Zergling x6  
  155  10:37  Zergling x30  
  172  10:45  Zergling x10  
  165  10:56  Extractor  
  165  10:57  Zergling x10  
Show
View Real Time Build Order
Export as new Build Order

llllllllllll Terran 

Build Orders: Reaper Expand 

Get SALT Encoding   

  8  0:00  SCV  
  9  0:12  SCV  
  10  0:24  SCV  
  10  0:28  Supply Depot  
  11  0:36  SCV  
  12  0:48  SCV  
  13  0:52  Barracks  
  13  0:59  Refinery  
  14  1:04  SCV  
  14  1:16  SCV  
  15  1:28  SCV  
  16  1:40  Orbital Command  
  16  1:42  Reaper  
  17  2:06  SCV  
  18  2:14  Reaper  
  19  2:16  Command Center  
  19  2:23  Supply Depot  
  19  2:25  SCV  
  20  2:37  SCV  
  20  2:39  Factory  
  21  2:49  SCV  
  22  2:57  Barracks Reactor  
  22  3:01  SCV  
  23  3:14  Command Center  
  23  3:18  SCV  
  24  3:30  SCV  
  24  3:33  Starport  
  25  3:40  Refinery  
  25  3:42  SCV  
  26  3:51  Hellion  
  26  3:52  Hellion  
  26  3:54  SCV  
  31  3:58  Orbital Command  
  31  4:06  SCV  
  32  4:12  Liberator  
  35  4:18  SCV  
  35  4:21  Hellion  
  35  4:23  Hellion  
  40  4:30  Orbital Command  
  40  4:31  SCV  
  40  4:35  Barracks Tech Lab  
  40  4:36  SCV  
  40  4:43  SCV  
  41  4:46  Supply Depot  
  41  4:49  Hellion x2  
  41  4:50  SCV  
  44  5:08  SCV x2  
  44  5:13  Hellion x2  
  48  5:17  SCV  
  48  5:19  Liberator  
  48  5:20  SCV  
  51  5:22  Stimpack  
  51  5:24  SCV  
  51  5:26  Supply Depot  
  52  5:29  SCV  
  52  5:33  SCV  
  54  5:36  SCV  
  54  5:40  Barracks x2  
  54  5:41  SCV  
  54  5:42  Factory Reactor  
  56  5:45  SCV  
  56  5:48  SCV  
  56  5:49  Engineering Bay  
  58  5:50  Engineering Bay  
  58  5:53  SCV  
  58  5:54  Refinery  
  58  5:56  Refinery  
  59  5:57  SCV  
  60  6:05  Starport Reactor  
  60  6:07  SCV  
  60  6:08  SCV  
  62  6:12  Barracks x2  
  60  6:22  SCV x2  
  60  6:24  Terran Infantry Weapons Level 1, Terran Infantry Armor Level 1, Marine  
  57  6:29  Marine x2  
  57  6:32  SCV  
  55  6:34  SCV  
  56  6:40  Marine x2  
  56  6:42  Factory Tech Lab, Marine  
  59  6:47  Marine x2, Barracks  
  59  6:48  Barracks x2  
  59  6:49  Medivac x2  
  59  6:50  SCV  
  59  6:51  SCV  
  67  6:57  Supply Depot x2  
  67  7:00  Barracks Reactor x2  
  67  7:02  Orbital Command, Marine x3  
  67  7:08  SCV  
  71  7:14  Supply Depot  
  71  7:18  Marine x2, SCV, Siege Tank  
  71  7:20  Marine  
  78  7:29  Marine x2  
  78  7:32  Armory  
  78  7:36  Marine x2  
  78  7:42  Marine x2  
  72  7:47  Marine x4  
  72  7:48  Marine x4  
  72  7:50  Siege Tank  
  77  7:51  SCV  
  77  7:54  Marine x2  
  77  7:57  Combat Shield  
  77  8:00  Marine x2  
  77  8:05  Marine x4  
  74  8:06  Marine  
  74  8:08  SCV  
  78  8:14  Marine x5  
  78  8:15  SCV  
  78  8:18  Marine x2  
  85  8:22  Terran Infantry Weapons Level 2  
  85  8:25  Terran Infantry Armor Level 2  
  85  8:28  Orbital Command  
  85  8:32  Marine  
  85  8:33  Marine  
  80  8:34  Marine  
  80  8:35  Marine x2  
  76  8:45  Marine x2  
  76  8:48  SCV  
  76  8:49  SCV  
  76  8:52  Marine x2  
  79  8:57  SCV  
  79  8:58  Marine  
  79  8:59  Marine x7  
  79  9:01  SCV x2  
  90  9:03  Marine x2  
  90  9:08  Siege Tank  
  95  9:19  Supply Depot  
  95  9:20  Supply Depot  
  95  9:27  Supply Depot  
  95  9:28  Supply Depot  
  95  9:29  Supply Depot  
  95  9:41  Marine x11, Medivac, SCV x3  
  95  9:42  Supply Depot  
  95  9:43  Supply Depot  
  111  9:49  Marine, Medivac, Siege Tank  
  117  9:53  Supply Depot, SCV x2  
  117  9:55  Supply Depot  
  117  9:58  Marine x2  
  121  10:02  Marine x2  
  121  10:09  Marine  
  121  10:10  Marine x4  
  121  10:11  Marine x3  
  118  10:16  Bunker, Marine x2  
  118  10:20  Marine x2  
  122  10:22  Supply Depot, Medivac x2  
  122  10:25  Siege Tank  
  122  10:27  Marine  
  130  10:31  Marine x6  
  130  10:32  Marine  
  130  10:34  Marine  
  138  10:45  Marine  
  138  10:46  Marine x3  
  138  10:49  Marine x7  
  137  10:57  SCV x2  
  138  10:58  SCV  
  141  11:11  Barracks Tech Lab x2  
Tags
 
Add a new tag
Caveats
  • Supply blocks, unpowered buildings, or Contaminate may cause inaccurate times.
  • Supply counts are checked every 10 seconds.